[Event "Early-Titled-Tuesday-Blitz-May-07-2024"]
[Site "Chess.com"]
[Date "2024.05.07"]
[Round "1"]
[White "GrigorGrigorov"]
[Black "killer_dreams"]
[Result "1-0"]
[WhiteElo "2891"]
[BlackElo "2496"]
[TimeControl "180+1"]
[EndTime "8:07:24 PDT"]
[Termination "GrigorGrigorov won by resignation"]

1. d4 Nf6 2. Nf3 d5 3. c3 c5 4. dxc5 e6 5. Be3 Nbd7 6. b4 a5 7. Qb3 Qc7 8. Na3 axb4 9. cxb4 Ng4 10. Nb5 Qb8 11. Bd4 e5 12. Bb2 e4 13. Nfd4 Qf4 14. Qg3 Qxg3 15. hxg3 Kd8 16. e3 Nde5 17. a3 Bd7 18.
Nc3 Nf6 19. O-O-O h5 20. f3 exf3 21. gxf3 Rh6 22. Be2 Kc8 23. Nb3 Be6 24. Nb5 Nfd7 25. N3d4 Nc6 26. f4 g6 27. Bf3 Be7 28. Ne2 Bf6 29.
Bxd5 Bxd5 30. Rxd5 Bxb2+ 31. Kxb2 Rh8 32. Nd6+ Kc7 33.
Nxf7 Rhe8 34. Rhd1 Nf6 35. R5d3 Re7 36. Nd6 Rf8 37.
Nc3 Ng4 38. Nd5+ Kd7 39. Nxe7 Kxe7 40. Nxb7 Nf2 41. Rd7+ Kf6 42. R1d6+ Kf5 43. Rxc6 1-0

[Event "Early-Titled-Tuesday-Blitz-May-07-2024"]
[Site "Chess.com"]
[Date "2024.05.07"]
[Round "1"]
[White "RebecaJimnz"]
[Black "kachsona"]
[Result "0-1"]
[WhiteElo "2313"]
[BlackElo "2621"]
[TimeControl "180+1"]
[EndTime "8:07:24 PDT"]
[Termination "kachsona won by resignation"]

1. e4 e5 2. d4 exd4 3. Qxd4 Nc6 4. Qe3 Nf6 5. Nc3 Bb4 6. Bd2 O-O 7. O-O-O Re8 8. Bc4 d6 9. Nf3 Be6 10. Bxe6 Rxe6 11. Ng5 Re8 12. f3 d5 13. Qf2 d4 14.
Ne2 Bxd2+ 15. Rxd2 h6 16. h4 Qe7 17. Nxd4 Nxd4 18. Rxd4 hxg5 19. hxg5 Nh7 20. f4 f6 21. g6 Nf8 22. f5 Qe5 23. Qh4 Nxg6 24. Qh7+ Kf8 25. fxg6 Qxd4 26. Qh8+ Ke7 27. Qxg7+ Ke6 28.
Qf7+ Ke5 29. Rh5+ Kf4 30. Qxc7+ Re5 31. Rf5+ Kg4 32. Rxf6 Qe3+ 33. Kd1 Qg1+ 34. Kd2 Qxg2+ 35. Kd3 Qxe4+ 36. Kc3 Qe3+ 37. Kb4 a5+ 0-1

[Event "Early-Titled-Tuesday-Blitz-May-07-2024"]
[Site "Chess.com"]
[Date "2024.05.07"]
[Round "1"]
[White "Manukyan_Artak"]
[Black "VirtualCoach"]
[Result "1/2-1/2"]
[WhiteElo "2556"]
[BlackElo "2140"]
[TimeControl "180+1"]
[EndTime "8:07:24 PDT"]
[Termination "Game drawn by stalemate"]

1. e4 c5 2. Nf3 Nc6 3. c3 Nf6 4. e5 Nd5 5. d4 cxd4 6. cxd4 e6 7. Nc3 Nxc3 8. bxc3 d6 9. Bd3 Qc7 10. O-O dxe5 11. dxe5 Be7 12. Qe2 a6 13. a4 b6 14.
Qe4 Bb7 15. Re1 Rd8 16. Bb1 Nb4 17. Qg4 Nd5 18. Qxg7 Kd7 19. Be4 Kc8 20. Qxf7 Kb8 21. Qxe6 Qxc3 22. Bg5 Bxg5 23. Nxg5 Rhe8 24. Qh3 Qxh3 25.
Nxh3 Rxe5 26. Bxh7 Rh5 27. Be4 Rg8 28. Bxd5 Bxd5 29. Nf4 Bxg2 30. Nxg2 Rhg5 31. Kf1 Rxg2 32. Re8+ Kb7 33. Rxg8 Rxg8 34. Re1 b5 35. axb5 axb5 36.
f4 Rf8 37. Re4 Kc6 38. Kf2 Kd5 39. Kf3 Rh8 40. Re5+ Kc4 41. Kg3 b4 42. f5 b3 43. h4 b2 44. Re1 Rh5 45. Kg4 Rh8 46. f6 Kd4 47. Rb1 Ke5 48. f7 Kf6 49. Rxb2 Kxf7 50.
Rb7+ Kg6 51. h5+ Kh6 52. Rb6+ Kh7 53. Kg5 Rg8+ 54. Rg6 Rxg6+ 55. hxg6+ Kg7 56. Kf5 Kg8 57. Kf6 Kf8 58. Kf5 Kg7 59. Kg5 Kg8 60. Kh5 Kg7 61.
Kg5 Kg8 62. Kh6 Kh8 63. g7+ Kg8 64. Kg6 1/2-1/2

[Event "Early-Titled-Tuesday-Blitz-May-07-2024"]
[Site "Chess.com"]
[Date "2024.05.07"]
[Round "1"]
[White "wild3000"]
[Black "Szparu"]
[Result "0-1"]
[WhiteElo "2520"]
[BlackElo "2951"]
[TimeControl "180+1"]
[EndTime "8:07:25 PDT"]
[Termination "Szparu won on time"]

1. e4 e6 2. Nf3 d5 3. e5 c5 4. b4 d4 5. bxc5 Bxc5 6. Bd3 Ne7 7.
O-O Nbc6 8. Ba3 Qa5 9. Qc1 Bxa3 10. Qxa3 Qd8 11. Re1 O-O 12. Qb2 b6 13. Na3 Ng6 14. Nb5 Ba6 15. Bxg6 hxg6 16. Nbxd4 Ne7 17. a4 Qd5 18. Nb5 Qd7 19. Qd4 Qc6 20. Qd6 Qxd6 21. Nxd6 Nc6 22. c3 Rfd8 23. d4 Na5 24. Rec1 Nb3 25.
Rab1 Nxc1 26. Rxc1 Rd7 27. Ng5 Rc7 28. f4 Rd8 29.
Kf2 Rdd7 30. Ke3 Rc6 31. Nge4 Rdc7 32. h4 Kf8 33. g4 f5 34. Ng5 Rxc3+ 35. Rxc3 Rxc3+ 36. Kd2 Rd3+ 37. Kc2 Ke7 38. gxf5 gxf5 39. Nb5 Bxb5 40.
axb5 Rxd4 41. Nh3 Rd5 42. Ng5 Rxb5 43. Kd3 a5 44. Nf3 Rb4 45. Nd4 Kf7 46. h5 a4 47.
Nc6 Rxf4 0-1

[Event "Early-Titled-Tuesday-Blitz-May-07-2024"]
[Site "Chess.com"]
[Date "2024.05.07"]
[Round "1"]
[White "Chessdreamer2020"]
[Black "Baku_Boulevard"]
[Result "0-1"]
[WhiteElo "2529"]
[BlackElo "3028"]
[TimeControl "180+1"]
[EndTime "8:07:26 PDT"]
[Termination "Baku_Boulevard won by checkmate"]

1. e4 c5 2. Nf3 d6 3. d4 cxd4 4.
Qxd4 Bd7 5. h3 Nc6 6. Qe3 g6 7. Be2 Bg7 8. O-O Nf6 9. Rd1 O-O 10. c4 Qb6 11. Qxb6 axb6 12. Nc3 Rfc8 13. Be3 Be6 14.
Rac1 Nd7 15. a3 Nc5 16. Nd2 h5 17. f3 Kf8 18. Kf2 Ne5 19. Bxc5 bxc5 20. Nd5 Nd7 21. Rb1 Ra6 22. Nf1 Nb6 23. Nfe3 Na4 24. Rd2 Bd7 25. Bd1 Bd4 26. Ke2 e6 27. Bxa4 Bxa4 28. b3 Be8 29. Nf4 Rxa3 30. Nd3 Ra6 31. Nc1 b5 32.
Nc2 Bc3 33. Rd3 Bf6 34. Ne3 Ke7 35. f4 Bd4 36. Kf3 f5 37. Ne2 Bc6 38. Ng3 h4 39.
Nd5+ exd5 40. exd5 Bd7 41. Re1+ Kf7 42. Ne2 Bf6 43.
Nc1 bxc4 44. bxc4 Ra4 45. Rde3 Rxc4 46. Nd3 Rd4 47. Nf2 Rxd5 48. g4 hxg3 49. Kxg3 c4 50. Ra3 Rc7 51. Ra6 c3 52. Rc1 c2 53. Ra2 Rd2 54.
Kf3 Bd4 55. Nh1 Rc3# 0-1

[Event "Early-Titled-Tuesday-Blitz-May-07-2024"]
[Site "Chess.com"]
[Date "2024.05.07"]
[Round "1"]
[White "sewlins"]
[Black "guillembaches"]
[Result "0-1"]
[WhiteElo "2222"]
[BlackElo "2584"]
[TimeControl "180+1"]
[EndTime "8:07:26 PDT"]
[Termination "guillembaches won on time"]

1. e4 c5 2. Nf3 d6 3. d4 cxd4 4. Nxd4 Nf6 5. Nc3 Nc6 6. Bg5 e6 7. Qd2 h6 8. Bxf6 gxf6 9. O-O-O a6 10. f4 Bd7 11. Nxc6 Bxc6 12. f5 h5 13. Kb1 Qa5 14. Bc4 Qe5 15. Bb3 O-O-O 16. Qd3 Kb8 17. Rhf1 Be7 18.
Ba4 Rc8 19. Bb3 h4 20. Qf3 b5 21.
fxe6 fxe6 22. Qh3 b4 23. Ne2 Bxe4 24. Nd4 f5 25. Nxe6 Bf6 26. Nd4 Rc5 27. g3 hxg3 28. Qxg3 Rxh2 29. Qg8+ Rc8 30. Qf7 Bxc2+ 31. Bxc2 Rcxc2 32.
Qg8+ Kb7 33. Qf7+ Rc7 34. Qb3 Qc5 35. Rxf5 Be5 36. Qf3+ Kb6 37. a4 a5 0-1

[Event "Early-Titled-Tuesday-Blitz-May-07-2024"]
[Site "Chess.com"]
[Date "2024.05.07"]
[Round "1"]
[White "Yaacovn"]
[Black "PenguinPacks"]
[Result "1-0"]
[WhiteElo "2845"]
[BlackElo "2474"]
[TimeControl "180+1"]
[EndTime "8:07:27 PDT"]
[Termination "Yaacovn won by checkmate"]

1. d4 Nf6 2. e3 g6 3. Nf3 Bg7 4. Be2 O-O 5. O-O d6 6. b3 Nc6 7. Bb2 Qe8 8. Nc3 a6 9. d5 Nb8 10. Qd2 e5 11. dxe6 Bxe6 12. Nd4 Bd7 13. Bf3 Nc6 14.
Rad1 Rb8 15. h3 Ne5 16. Be2 Nc6 17. Nf3 Qe7 18. Qc1 Rfe8 19. Qa1 Ne5 20. Rd2 Bc6 21.
Nd4 Bd7 22. Rfd1 Rbd8 23. Bf1 c6 24. Be2 d5 25. Nf3 Nxf3+ 26. Bxf3 Bf5 27. Ne2 Rd6 28. c4 Red8 29. cxd5 cxd5 30. Nd4 Be4 31. Bxe4 Nxe4 32. Rc2 Qh4 33. Nf3 Bxb2 34. Qxb2 Qe7 35. Rdc1 R6d7 36. Ne5 Rd6 37. Rc7 Qe6 38. Nxf7 d4 39. Nxd8 Rxd8 40.
Rxb7 Qf5 41. Rc4 Rf8 42. Rcc7 Ng5 43. Rg7+ Kh8 44. Rgd7 Kg8 45. h4 Qd3 46. Rxd4 Nh3+ 47. gxh3 Qe2 48. Rg7+ Kh8 49. Rxh7+ Kxh7 50. Rd7+ Rf7 51.
Rxf7+ Kh6 52. Qh8# 1-0

[Event "Early-Titled-Tuesday-Blitz-May-07-2024"]
[Site "Chess.com"]
[Date "2024.05.07"]
[Round "1"]
[White "pirulillo"]
[Black "CrushingKings"]
[Result "1/2-1/2"]
[WhiteElo "2371"]
[BlackElo "2653"]
[TimeControl "180+1"]
[EndTime "8:07:27 PDT"]
[Termination "Game drawn by repetition"]

1. e4 g6 2. d4 Bg7 3. c3 c6 4. Bd3 d5 5. e5 f6 6. f4 Nh6 7. Nf3 Bg4 8. O-O O-O 9. Nbd2 fxe5 10. fxe5 Nf5 11. Qe1 c5 12. h3 Bxf3 13. Nxf3 cxd4 14. cxd4 Nc6 15. Be3 Qb6 16. Bxf5 Rxf5 17. b3 Raf8 18.
Qd2 Nd8 19. Nh4 Rxf1+ 20. Rxf1 Rxf1+ 21. Kxf1 Ne6 22. Nf3 a5 23. Qc3 h6 24. g3 a4 25. h4 Kf7 26. Ke2 Qa6+ 27. Kf2 Qb5 28. Ne1 axb3 29. axb3 Qa6 30. Nd3 Qa2+ 31. Qb2 Qa5 32.
Qc2 Qa1 33. Kg2 g5 34. h5 Kg8 35. Nf2 Nxd4 36. Qc8+ Bf8 37. Qxb7 e6 38. Ng4 Qb2+ 39. Kh3 Bg7 40. Qc8+ Kh7 41. Bxd4 Qxd4 42. Qxe6 Qe4 43. Nf6+ Bxf6 44. Qxf6 Qh1+ 45. Kg4 Qe4+ 46. Kh3 Qh1+ 47. Kg4 Qe4+ 48. Kh3 1/2-1/2

[Event "Early-Titled-Tuesday-Blitz-May-07-2024"]
[Site "Chess.com"]
[Date "2024.05.07"]
[Round "1"]
[White "Felix-Rose"]
[Black "Thjop"]
[Result "0-1"]
[WhiteElo "2208"]
[BlackElo "2582"]
[TimeControl "180+1"]
[EndTime "8:07:27 PDT"]
[Termination "Thjop won on time"]

1. e4 e6 2. d4 d5 3. Nc3 Bb4 4. e5 c5 5. a3 Bxc3+ 6. bxc3 Qa5 7. Bd2 Qa4 8. Qg4 Kf8 9. Qd1 Ne7 10. Nf3 b6 11.
Rb1 Ba6 12. Bxa6 Nxa6 13. O-O c4 14. Ng5 h6 15. Nh3 Ke8 16. f4 Kd7 17. Qc1 Nc7 18. Rb4 Qa6 19. a4 Nc6 20. Rb1 Qxa4 21. Ra1 Qb5 22.
Qa3 Nd8 23. f5 Qc6 24. fxe6+ Ncxe6 25. Nf4 Kc8 26. Nxe6 fxe6 27. Qe7 Qd7 28. Qh4 Kb7 29. Rfb1 Rf8 30. Qe1 Nc6 31. Be3 Rf5 32. Qc1 Kc8 33.
Qb2 Kd8 34. Qa3 Ke8 35. Rf1 Rxf1+ 36. Rxf1 Qe7 37. Qa4 Kd7 38. Qa6 Kc7 39. Bf2 Rf8 40. Ra1 Kb8 41. Bg3 Kc7 42. Qb5 Qf7 43. h3 Qg6 44. Kh2 Qxc2 45. Qa6 Qxc3 46. Ra3 Qxd4 47. Ra2 c3 0-1

[Event "Early-Titled-Tuesday-Blitz-May-07-2024"]
[Site "Chess.com"]
[Date "2024.05.07"]
[Round "1"]
[White "Bilan_Danila"]
[Black "abelmat"]
[Result "1-0"]
[WhiteElo "2555"]
[BlackElo "2024"]
[TimeControl "180+1"]
[EndTime "8:07:29 PDT"]
[Termination "Bilan_Danila won on time"]

1. d4 d5 2. Nf3 e6 3. c4 Nf6 4. Nc3 Be7 5. Bf4 b6 6. cxd5 exd5 7. e3 Bb7 8. Bb5+ Nbd7 9. Ne5 O-O 10. Nc6 Qe8 11. Bxc7 Rc8 12. Nxe7+ Qxe7 13. Bg3 Qb4 14. Qb3 Qe7 15. O-O a6 16. Bd3 b5 17. Rac1 Nb6 18. Bf5 Rcd8 19. Nxb5 axb5 20. Rc7 Qe8 21. Rxb7 Nc4 22.
Qxb5 Qxb5 23. Rxb5 Ne4 24. Bxe4 dxe4 25. b3 Nb2 26.
Rb1 Nd3 27. a4 h6 28. a5 Ra8 29. b4 Rfc8 30. Rb6 Nc1 31. a6 Ne2+ 32. Kf1 Nc3 33.
Rc1 1-0

[Event "Early-Titled-Tuesday-Blitz-May-07-2024"]
[Site "Chess.com"]
[Date "2024.05.07"]
[Round "1"]
[White "ilushka"]
[Black "alexrustemov"]
[Result "0-1"]
[WhiteElo "2523"]
[BlackElo "2955"]
[TimeControl "180+1"]
[EndTime "8:07:30 PDT"]
[Termination "alexrustemov won by resignation"]

1. Nf3 d5 2. g3 c6 3. Bg2 Bf5 4. c4 e6 5. cxd5 exd5 6. O-O Nf6 7.
d3 Nbd7 8. Nc3 Bc5 9. e4 dxe4 10. dxe4 Bg4 11. h3 Bxf3 12. Qxf3 O-O 13. Bf4 Qe7 14. Rad1 Ne5 15. Qe2 Rad8 16. Kh2 Rfe8 17. a3 Bd4 18.
Qc2 Qc5 19. Qb3 Qb6 20. Qxb6 axb6 21. Bxe5 Bxe5 22. f4 Bxc3 23. bxc3 b5 24. e5 Nd7 25. Rd4 Nb6 26. Ra1 Ra8 27. Bf1 Red8 28. Kg2 Kf8 29. Kf3 Ke7 30. Ke4 f6 31. c4 fxe5 32. fxe5 Rxd4+ 33. Kxd4 Nxc4 34. Bxc4 Ra4 35. Kc5 Rxc4+ 36. Kb6 Ke6 37. Kxb7 Kxe5 38. Re1+ Kf6 39. Re3 g5 40. Kb6 h5 41. Ka5 Kf5 42. Kb6 g4 43. hxg4+ Kxg4 44. Kb7 c5 45. Kb6 b4 46. axb4 cxb4 47. Kb5 Rc3 48.
Re4+ Kxg3 49. Kxb4 Rc8 50. Re7 Rg8 51. Rh7 h4 52.
Kc3 h3 53. Kd2 Kg2 54. Ke2 h2 0-1

[Event "Early-Titled-Tuesday-Blitz-May-07-2024"]
[Site "Chess.com"]
[Date "2024.05.07"]
[Round "1"]
[White "Grandelicious"]
[Black "UF_10"]
[Result "1-0"]
[WhiteElo "2904"]
[BlackElo "2500"]
[TimeControl "180+1"]
[EndTime "8:07:30 PDT"]
[Termination "Grandelicious won by resignation"]

1. e4 e6 2. d4 d5 3. Bd3 dxe4 4. Bxe4 Nf6 5. Bf3 c5 6. Ne2 Nc6 7. Be3 cxd4 8. Nxd4 Ne5 9. Nc3 Bb4 10. O-O O-O 11. Be2 Bxc3 12. bxc3 Bd7 13. Rb1 b6 14.
Bf4 Ng6 15. Bg3 Rc8 16. Rb3 Ne4 17. Qe1 Nxg3 18. hxg3 Qc7 19. Ba6 Rcd8 20. Qe3 e5 21.
Nf3 Be6 22. c4 f6 23. a4 Rd6 24. Nd2 Rfd8 25. Ne4 Rd4 26. Rfb1 Bxc4 27. Rc3 Qf7 28.
Bxc4 Rxc4 29. a5 bxa5 30. Rxc4 Qxc4 31. Rb7 Rd1+ 32. Kh2 Qd4 33. Nxf6+ gxf6 34. Qh6 Qd7 35. Rxd7 Rxd7 36. Qe3 a4 37. Qe4 Rd4 38. Qa8+ Kg7 39.
Qxa7+ Kh6 40. Qa6 Kg5 41. c3 Re4 42. Qd3 f5 43. f3 Re1 44. Qd2+ 1-0

[Event "Early-Titled-Tuesday-Blitz-May-07-2024"]
[Site "Chess.com"]
[Date "2024.05.07"]
[Round "1"]
[White "super_emi_26"]
[Black "tomesao"]
[Result "1-0"]
[WhiteElo "2883"]
[BlackElo "2493"]
[TimeControl "180+1"]
[EndTime "8:07:31 PDT"]
[Termination "super_emi_26 won by checkmate"]

1. e4 c6 2. Nc3 d5 3. Nf3 Bg4 4. h3 Bxf3 5. Qxf3 e6 6. g3 d4 7. Ne2 Nd7 8. Nf4 Ne5 9. Qd1 Nf6 10.
d3 Bb4+ 11. Ke2 Qb6 12. Bg2 g5 13. Nxe6 fxe6 14. Bxg5 Rf8 15. f4 Ng6 16. Rf1 Be7 17. Kf2 O-O-O 18. Rb1 Nxe4+ 19. Kg1 Nxg5 20. fxg5 Bxg5 21.
Qg4 Be3+ 22. Kh2 c5 23. b4 cxb4 24. Rxf8 Rxf8 25. a3 a5 26. axb4 axb4 27. h4 Qd6 28. Qe4 Rf7 29. Kh3 Bf2 30. Qg4 Ne5 31. Qg5 h6 32. Qg8+ Rf8 33. Qg7 Nd7 34. Ra1 Kc7 35. Ra7 Rb8 36. Be4 Kb6 37. Ra1 Ne5 38. Rf1 Be3 39.
Rf6 Re8 40. Qxb7+ Kc5 41. Qa7+ Qb6 42. Qa4 Rc8 43. Qb3 Rc7 44. Rxe6 Qb5 45. Qd5# 1-0

[Event "Early-Titled-Tuesday-Blitz-May-07-2024"]
[Site "Chess.com"]
[Date "2024.05.07"]
[Round "1"]
[White "FoggyMorning"]
[Black "ilya2700"]
[Result "1-0"]
[WhiteElo "2611"]
[BlackElo "2274"]
[TimeControl "180+1"]
[EndTime "8:07:31 PDT"]
[Termination "FoggyMorning won by checkmate"]

1. e4 c6 2. d4 d5 3. Nc3 dxe4 4. Nxe4 Nf6 5. Nxf6+ exf6 6. c3 Bd6 7. Bd3 O-O 8.
Qc2 h6 9. Ne2 Be6 10. O-O Qc7 11. h3 Nd7 12. Bd2 Rfe8 13. Rae1 Re7 14. c4 b6 15. f4 Nf8 16. c5 Rae8 17. cxd6 Qxd6 18. a3 a5 19. Nc3 Qxd4+ 20. Be3 Qd8 21. Bf2 Qc7 22.
f5 Bd7 23. Rxe7 Rxe7 24. Nd5 Qd6 25. Nxe7+ Qxe7 26. Bxb6 a4 27. Bc5 Qe5 28. Bxf8 Kxf8 29. Be4 Kg8 30. Rd1 Be8 31. Bxc6 Bxc6 32. Qxc6 h5 33.
Qxa4 Qe2 34. Qd4 h4 35. Rf1 Qc2 36. a4 Qc7 37. Qxh4 Qb6+ 38. Qf2 Qb3 39. a5 Qa2 40. Qb6 g5 41. fxg6 Qc4 42. gxf7+ Kg7 43. Qxf6+ Kh7 44. Qf5+ Kg7 45. f8=Q# 1-0

[Event "Early-Titled-Tuesday-Blitz-May-07-2024"]
[Site "Chess.com"]
[Date "2024.05.07"]
[Round "1"]
[White "Aryan_Tamadon"]
[Black "nuadvaga"]
[Result "1-0"]
[WhiteElo "2569"]
[BlackElo "2149"]
[TimeControl "180+1"]
[EndTime "8:07:31 PDT"]
[Termination "Aryan_Tamadon won by resignation"]

1. Nf3 d5 2. d3 c5 3. g3 Nc6 4.
Bg2 Nf6 5. O-O Bg4 6. Na3 e6 7.
Bd2 Qb6 8. Qc1 Be7 9. c4 d4 10. Nc2 e5 11. a3 a5 12. b3 O-O 13. Rb1 e4 14. dxe4 Nxe4 15. Nfxd4 Nxd2 16. Nxc6 bxc6 17. Qxd2 Rad8 18. Qe3 Rfe8 19. Qe4 Bd7 20. Rfd1 Bf6 21. Qf3 h6 22. h3 Qb8 23. b4 cxb4 24. axb4 axb4 25. Nxb4 Qc8 26. e3 Bxh3 27. Bxh3 Qxh3 28.
Nxc6 Rxd1+ 29. Rxd1 Qe6 30. Qd5 Qg4 31. Qd7 Re6 32.
Nd8 Bxd8 33. Qxd8+ Kh7 34. c5 g6 35. Qd7 Kg7 36.
c6 Rf6 37. Qxg4 h5 38. Qd4 h4 39. gxh4 1-0

[Event "Early-Titled-Tuesday-Blitz-May-07-2024"]
[Site "Chess.com"]
[Date "2024.05.07"]
[Round "1"]
[White "NCchamp"]
[Black "vladgoncharov"]
[Result "0-1"]
[WhiteElo "2252"]
[BlackElo "2592"]
[TimeControl "180+1"]
[EndTime "8:07:32 PDT"]
[Termination "vladgoncharov won on time"]

1. d4 Nf6 2. Bg5 e6 3. e4 d5 4. e5 h6 5. Be3 Nfd7 6. c3 c5 7. Nd2 b6 8. Bd3 Ba6 9. Bc2 Nc6 10. Ne2 b5 11. a3 Rb8 12. b4 cxd4 13. cxd4 Nb6 14.
O-O Nc4 15. Nxc4 dxc4 16. f4 Ne7 17. f5 exf5 18. Nc3 g6 19. d5 Bg7 20. Bf4 O-O 21. Qd2 g5 22. Be3 Bxe5 23. Bc5 Re8 24. Bxf5 Nxf5 25.
Rxf5 Bc8 26. Rf2 Bxc3 27. Qxc3 Qxd5 28. Raf1 Rb7 29. Rd2 Qe4 30. Qf6 Re6 31. Rd8+ Re8 32. Qxh6 Rxd8 33. Qxg5+ Kh7 34. Qxd8 Bh3 35. Qd2 Rd7 36.
Qf2 Be6 37. Qf6 Rd2 0-1

[Event "Early-Titled-Tuesday-Blitz-May-07-2024"]
[Site "Chess.com"]
[Date "2024.05.07"]
[Round "1"]
[White "juancruzarias"]
[Black "Arlo2024"]
[Result "1-0"]
[WhiteElo "2709"]
[BlackElo "2407"]
[TimeControl "180+1"]
[EndTime "8:07:33 PDT"]
[Termination "juancruzarias won on time"]

1. d4 Nf6 2. c4 c5 3. e3 g6 4. Nf3 Bg7 5. Nc3 cxd4 6. exd4 d5 7. h3 O-O 8. Be3 Nc6 9. Be2 b6 10. O-O Bb7 11. Rc1 dxc4 12. Bxc4 Nb4 13. Ne5 Nbd5 14. Bb3 Nxe3 15. fxe3 Nd5 16. Nxd5 Bxd5 17.
Nc6 Bxc6 18. Rxc6 Rc8 19. Qf3 e6 20. d5 exd5 21. Rxc8 Qxc8 22. Qxd5 Qe8 23. e4 Bxb2 24. h4 h5 25. g3 Qe7 26. Kg2 Bg7 27. Rf2 Bc3 28.
Kh2 Bg7 29. Rf3 Bb2 30. Kg2 Bg7 31. Qc6 Qe5 32. Qxg6 Qb2+ 33. Rf2 Qxb3 34. Qxg7+ Kxg7 35. axb3 Re8 36. Kf3 Re5 37. Kf4 Rb5 38. Rf3 Kg6 39. Rc3 f6 40. Rd3 a5 41. g4 hxg4 42.
Kxg4 Rb4 43. Kf4 a4 44. bxa4 Rxa4 45. Rd6 Rb4 46. h5+ Kxh5 47. Rxf6 Rb1 48. Ke5 b5 49. Rb6 Kg5 50. Ke6 b4 51. e5 b3 52. Ke7 Re1 53. e6 Re3 54. Kf7 Kf5 55. e7 1-0

[Event "Early-Titled-Tuesday-Blitz-May-07-2024"]
[Site "Chess.com"]
[Date "2024.05.07"]
[Round "1"]
[White "WilsonPalencia21"]
[Black "BogdanDeac"]
[Result "0-1"]
[WhiteElo "2538"]
[BlackElo "3091"]
[TimeControl "180+1"]
[EndTime "8:07:34 PDT"]
[Termination "BogdanDeac won by resignation"]

1. d4 Nf6 2. c4 g6 3. Nf3 Bg7 4. Nc3 O-O 5. e4 d6 6. Be2 e5 7. O-O Na6 8. d5 Nc5 9. Qc2 a5 10. Bg5 h6 11. Be3 b6 12. Nd2 Ng4 13. Bxg4 Bxg4 14.
a3 a4 15. Bxc5 dxc5 16. Nxa4 Qg5 17. Kh1 Rxa4 18. f4 exf4 19. Qxa4 Bxb2 20. Rae1 Be5 21. Nf3 Bxf3 22. gxf3 Qh4 23. Qc6 Kg7 24. d6 cxd6 25. Qxb6 Ra8 26. Qb3 Qd8 27. Re2 Rb8 28. Qa4 Qc8 29.
Ra2 Qh3 30. Qd1 Qc8 31. a4 Qa6 32. Qc2 Rb4 33. Rc1 Qa5 34. Qd3 Rxa4 35. Rxa4 Qxa4 36. Qc2 Qa3 37. Kg2 h5 38. Rf1 g5 39. h3 Qe3 40.
Qc1 Qd3 41. Rf2 Bd4 42. Rc2 g4 43. hxg4 hxg4 44. Qxf4 Qxc2+ 0-1

[Event "Early-Titled-Tuesday-Blitz-May-07-2024"]
[Site "Chess.com"]
[Date "2024.05.07"]
[Round "1"]
[White "tptagain"]
[Black "ural58"]
[Result "1-0"]
[WhiteElo "2935"]
[BlackElo "2517"]
[TimeControl "180+1"]
[EndTime "8:07:34 PDT"]
[Termination "tptagain won on time"]

1. e4 e5 2. Nf3 Nc6 3. Bc4 Nf6 4. Ng5 d5 5. exd5 Na5 6. Bb5+ Bd7 7. Qe2 Be7 8. Nf3 Bxb5 9. Qxb5+ c6 10. dxc6 Nxc6 11. Nxe5 O-O 12. Nxc6 bxc6 13. Qc4 Rb8 14. O-O Rb4 15.
Qxc6 Bd6 16. h3 Qe7 17. Nc3 Qe5 18. g3 Qe6 19. Kg2 Rc8 20. Qf3 Nd7 21. Qd5 Qg6 22.
d3 Rc5 23. Qa8+ Rb8 24. Qxa7 Ne5 25. Bf4 Nc6 26. Qa4 Rb4 27. Bxd6 Rxa4 28. Bxc5 Ra5 29. Be3 Ne5 30. a4 Qc6+ 31. f3 g5 32. Rae1 g4 33.
hxg4 Nxg4 34. Bf4 h5 35. Re2 Kh7 36. Ne4 Qxa4 37. fxg4 hxg4 38. Bc7 1-0

[Event "Early-Titled-Tuesday-Blitz-May-07-2024"]
[Site "Chess.com"]
[Date "2024.05.07"]
[Round "1"]
[White "ansko1999"]
[Black "ferdipy"]
[Result "1-0"]
[WhiteElo "2631"]
[BlackElo "2337"]
[TimeControl "180+1"]
[EndTime "8:07:34 PDT"]
[Termination "ansko1999 won by resignation"]

1. Nc3 e6 2. d4 d5 3. Bf4 Bb4 4. e3 Nf6 5. Bd3 O-O 6. Ne2 c5 7. a3 Bxc3+ 8. Nxc3 c4 9. Be2 Nc6 10. O-O a6 11. Bg3 b5 12. f3 Qb6 13. Bf2 b4 14. axb4 Qxb4 15. Ra2 Qe7 16. e4 Nb4 17. Ra1 Rb8 18.
Bh4 e5 19. dxe5 Qxe5 20. Bg3 Qe6 21. Bxb8 Qb6+ 22. Kh1 Qxb8 23. exd5 Bf5 24. Rc1 Rd8 25. Bxc4 a5 26. Bb3 Qf4 27. Ne2 Qh4 28. Qe1 Qh6 29. Ng3 Bg6 30. Ne4 Nfxd5 31. Rd1 Qh5 32. c3 Nc6 33. Ba4 Nde7 34. Bxc6 Nxc6 35. Rxd8+ Nxd8 36. Qd2 Qh4 37. Qg5 Qxg5 38. Nxg5 h6 39. Ne4 Ne6 40. Ra1 Nf4 41. Rxa5 Nd3 42. Ra8+ Kh7 43. Rb8 f5 44. Nd6 Nf2+ 45. Kg1 Nd1 46. c4 Ne3 47. c5 Nd5 48. c6 Nc7 49. Rb7 Ne6 50. c7 f4 51. c8=Q 1-0

[Event "Early-Titled-Tuesday-Blitz-May-07-2024"]
[Site "Chess.com"]
[Date "2024.05.07"]
[Round "1"]
[White "KChor05"]
[Black "margarita_2703"]
[Result "1-0"]
[WhiteElo "2625"]
[BlackElo "2323"]
[TimeControl "180+1"]
[EndTime "8:07:34 PDT"]
[Termination "KChor05 won by resignation"]

1. e4 e5 2. Nf3 Nc6 3. d4 exd4 4.
Bc4 Nf6 5. e5 d5 6. Bb5 Nd7 7. c3 dxc3 8. Qxd5 Ne7 9. Qe4 c6 10.
Bc4 Nc5 11. Qe2 Be6 12. Nxc3 h6 13. Be3 Bxc4 14. Qxc4 Ne6 15. O-O Nf5 16. Rfd1 Qc7 17. Bf4 g5 18. Bg3 Bg7 19. Ne4 O-O 20. Nf6+ Bxf6 21.
exf6 Nxg3 22. hxg3 Rad8 23. Re1 Rd5 24. Qg4 Qd6 25. Re3 Kh7 26. Rae1 Re8 27. Qh5 Qd7 28. Ne5 Rxe5 29. Rxe5 Rf8 30. Qg4 Qd3 31. Rxe6 fxe6 32.
Qxe6 Qg6 33. Rd1 Qxf6 34. Rd7+ Kg6 35. Qxf6+ Kxf6 36. Rxb7 Rf7 37. Rxf7+ Kxf7 38. f3 Ke6 39. Kf2 Kd5 40. Ke3 Kc4 41. f4 Kd5 42. f5 h5 43. Kf3 Ke5 44. g4 hxg4+ 45. Kxg4 Kf6 46. b4 a6 47. a3 a5 48. bxa5 c5 49. a6 c4 50. a7 c3 51. a8=Q c2 52. Qc8 c1=Q 53.
Qxc1 1-0

[Event "Early-Titled-Tuesday-Blitz-May-07-2024"]
[Site "Chess.com"]
[Date "2024.05.07"]
[Round "1"]
[White "DrVelja"]
[Black "Goffredo_Fofi"]
[Result "1-0"]
[WhiteElo "2947"]
[BlackElo "2519"]
[TimeControl "180+1"]
[EndTime "8:07:35 PDT"]
[Termination "DrVelja won by resignation"]

1. e4 Nf6 2. e5 Nd5 3. d4 d6 4. exd6 exd6 5. Nf3 Be7 6. Be2 O-O 7.
O-O Nc6 8. c4 Nb6 9. h3 Bf6 10.
Nc3 Bf5 11. Be3 d5 12. c5 Nc4 13. Bc1 b6 14. b3 N4a5 15. cxb6 axb6 16. Be3 Qd7 17.
Rc1 Be4 18. Bb5 Qd6 19. Nxe4 dxe4 20. Nd2 Bxd4 21. Nxe4 Qd5 22. Bxc6 Nxc6 23. Qf3 Rfd8 24. Rfd1 f5 25. Nf6+ gxf6 26. Qxd5+ Rxd5 27. Rxc6 Rad8 28. Bxd4 Rxd4 29. Rxd4 Rxd4 30. Rxf6 Rd1+ 31. Kh2 Rd2 32. Rxf5 Rxa2 33. b4 Rb2 34. b5 Rc2 35. g4 c6 36.
bxc6 Rxc6 37. Kg3 Rc7 38. h4 Rb7 39. Rb5 Kf7 40. f4 Ke6 41. f5+ Kd6 42. Kf4 Kc6 43. Rb3 b5 44. g5 Kd5 45. h5 Kc4 46. Rb1 b4 47. g6 hxg6 48. fxg6 Kd5 49. Kf5 Kd6 50.
h6 Ke7 51. h7 Rb5+ 52. Kg4 Rb8 53. g7 Kf7 54. h8=Q 1-0

[Event "Early-Titled-Tuesday-Blitz-May-07-2024"]
[Site "Chess.com"]
[Date "2024.05.07"]
[Round "1"]
[White "Ivan11Martic"]
[Black "NM_Antelacus"]
[Result "1/2-1/2"]
[WhiteElo "2604"]
[BlackElo "2293"]
[TimeControl "180+1"]
[EndTime "8:07:35 PDT"]
[Termination "Game drawn by repetition"]

1. e4 c5 2. c3 d5 3. exd5 Qxd5 4. d4 Nc6 5. Nf3 Bg4 6. dxc5 Qxc5 7. Na3 Nf6 8. Be3 Qa5 9. h3 Bh5 10. Nc4 Qc7 11. Be2 e6 12. Qa4 Be7 13. Nce5 O-O 14.
Nxc6 bxc6 15. Bf4 Qb7 16. Qb3 Qxb3 17. axb3 Nd5 18. Bg3 a5 19. Ne5 Bxe2 20. Kxe2 Rfb8 21. Nxc6 Rxb3 22. c4 Rxb2+ 23. Kf1 Bf6 24. cxd5 a4 25.
dxe6 fxe6 26. Kg1 Rc2 27. Ne5 Re2 28. f4 a3 29. Kh2 a2 30. Rhd1 g5 31. Ng4 Bxa1 32.
Rxa1 gxf4 33. Bxf4 Rb2 34. Be5 Rb1 35. Nf6+ Kf7 36. Nxh7 Rxa1 37. Bxa1 Rb8 38. Ng5+ Ke7 39.
h4 Rb1 40. Be5 a1=Q 41. Bxa1 Rxa1 42. Kg3 Kf6 43. Ne4+ Ke5 44. Ng5 Ra4 45. h5 Kf5 46. Nf3 e5 47. h6 Kg6 48. Nxe5+ Kxh6 49. Nf3 Kg6 50. Nh4+ Kg5 51. Nf3+ Kf5 52. Kf2 Kf4 53.
Nh4 Ra2+ 54. Kg1 Kg3 55. Nf5+ Kf4 56. Nh4 Kg3 57. Nf5+ Kf4 58. Nh4 1/2-1/2